[Event "Late-Titled-Tuesday-Blitz-December-26-2023"]
[Site "Chess.com"]
[Date "2023.12.26"]
[Round "2"]
[White "Nf3c5"]
[Black "IMRosen"]
[Result "0-1"]
[WhiteElo "2475"]
[BlackElo "2696"]
[TimeControl "180+1"]
[EndTime "14:19:09 PST"]
[Termination "IMRosen won by checkmate"]

1. d4 d5 2. Nf3 Nf6 3. e3 c5 4. dxc5 e6 5. a3 Bxc5 6. b4 Be7 7. Bb2 a5 8. b5 O-O 9. c4 Nbd7 10. Nbd2 b6 11. Be2 Bb7 12. O-O Rc8 13. Rc1 Nc5 14.
a4 Rc7 15. Ne5 Qa8 16. Ndf3 Rd8 17. Qc2 Nce4 18. Rfd1 Rdc8 19. Nd4 Nd6 20. Ndc6 Bxc6 21. Nxc6 Rxc6 22. bxc6 Qxc6 23. Ba3 Bf8 24. Bxd6 Bxd6 25. Qb3 dxc4 26. Rxc4 Bc5 27. Bf3 Qc7 28. Rc2 h6 29. g3 Qe7 30. Qb5 Kh7 31. Kg2 Rc7 32. h3 Nd7 33. Qd3+ f5 34. Rcd2 Ne5 35. Qd8 Qf7 36. Ba8 Bb4 37. Rd4 Rc2 38. Qxb6 Qf8 39. Qxe6 Qxa8+ 40. Qd5 Qxd5+ 41. Rxd5 Nc4 42. Kf3 Kg6 43.
Rb5 Nb2 44. Rdd5 Nxa4 45. Rxf5 Nc3 46. Rbe5 Nd1 47. Kg2 a4 48. g4 a3 49. Re6+ Kh7 50. Ra6 a2 51. Rf7 Bc3 52. Rfa7 Rxf2+ 53. Kg3 a1=Q 54. Rxa1 Bxa1 55. Rxa1 Rd2 56. Ra7 Rd3 57. Kf3 Rxe3+ 58. Kf4 Re6 59. Ra3 Rf6+ 60. Kg3 Nb2 61. Rf3 Rxf3+ 62. Kxf3 g5 63. Ke4 Kg6 64. Ke5 Nd3+ 65. Ke4 Nf2+ 66. Kf3 Nxh3 67. Kg3 Nf4 68. Kf3 Kf6 69. Ke4 Ke6 70. Kf3 Ke5 71. Ke3 Nd5+ 72. Kf3 Nf6 73. Kg3 Ke4 74. Kg2 Kf4 75. Kh3 Kf3 76.
Kh2 Kxg4 77. Kg2 h5 78. Kh2 h4 79. Kg2 h3+ 80. Kg1 Kh4 81. Kh1 Kg3 82. Kg1 Ng4 83.
Kh1 Nf2+ 84. Kg1 h2+ 85. Kf1 h1=Q+ 86. Ke2 Qd1+ 87. Ke3 Qd3# 0-1

[Event "Late-Titled-Tuesday-Blitz-December-26-2023"]
[Site "Chess.com"]
[Date "2023.12.26"]
[Round "2"]
[White "CheckThis4"]
[Black "SCIM"]
[Result "1-0"]
[WhiteElo "2727"]
[BlackElo "2516"]
[TimeControl "180+1"]
[EndTime "14:19:15 PST"]
[Termination "CheckThis4 won on time"]

1. e4 c5 2. Nf3 e6 3. c3 d5 4. exd5 Qxd5 5. d4 Nf6 6. Na3 Qd8 7. Nc4 cxd4 8. Nxd4 a6 9. Be2 Be7 10. O-O O-O 11. Bg5 Qc7 12. Nf3 b5 13. Nce5 Bb7 14.
a4 Nc6 15. Nxc6 Qxc6 16. axb5 axb5 17. Rxa8 Rxa8 18. Qb3 Ra5 19. Rd1 b4 20. Bxf6 gxf6 21. cxb4 Rh5 22. b5 Qe4 23. Qe3 Qxe3 24. fxe3 Bc5 25. Kf2 Bd5 26. Rc1 Bb6 27. Rc8+ Kg7 28. Rb8 Ba7 29. Rd8 Bxf3 30. Kxf3 Rf5+ 31. Ke4 Re5+ 32.
Kd3 Rxe3+ 33. Kd2 Re5 34. Rd7 Be3+ 35. Kd3 f5 36. Bh5 f4 37. Bxf7 Rxb5 38. Bxe6+ Kf6 39. Bd5 Rxb2 40. Rxh7 Ke5 41. Bf3 Rd2+ 42. Kc4 Rd4+ 43. Kc3 Rd6 44. Rh5+ Kf6 45. Kc4 Rd4+ 46. Kc3 Rd6 47.
h3 Kg6 48. Rb5 Rf6 49. Kd3 Rd6+ 50. Ke4 Re6+ 51. Kd5 Rf6 52. Rb7 Rf5+ 53. Ke6 Rf6+ 54. Ke5 Rf5+ 55. Ke4 Rf6 56. Rd7 Re6+ 57. Kd5 Rf6 58. Be4+ Kg5 59. Rg7+ Kh4 60. Rg4+ Kh5 61. Bf3 Kh6 62. Ke5 Rb6 63. Rg8 Bd2 64. Kf5 Rb5+ 65. Kf6 Rb6+ 66. Kf5 Rb5+ 67. Ke4 Rb6 68. Rh8+ Kg7 69.
Rd8 Rb4+ 70. Kf5 Rb5+ 71. Kg4 Rb6 72. Rxd2 1-0

[Event "Late-Titled-Tuesday-Blitz-December-26-2023"]
[Site "Chess.com"]
[Date "2023.12.26"]
[Round "2"]
[White "LuisIbarraCh"]
[Black "Zapateado"]
[Result "0-1"]
[WhiteElo "2445"]
[BlackElo "2346"]
[TimeControl "180+1"]
[EndTime "14:19:16 PST"]
[Termination "Zapateado won on time"]

1. b3 c5 2. Bb2 Nc6 3. e3 d6 4.
Nf3 e5 5. c4 g6 6. Nc3 Bg7 7. d3 Nge7 8. Be2 O-O 9. O-O h6 10. a3 Be6 11. Qc2 Rc8 12. Rad1 d5 13. cxd5 Nxd5 14. Ne4 b6 15. Ned2 f5 16. Rfe1 g5 17.
Nc4 Qc7 18. e4 Nf4 19. exf5 Bxf5 20. Ne3 Bg6 21. b4 Nd4 22. Nxd4 cxd4 23. Qxc7 Rxc7 24. Nc4 b5 25. Nd2 Rc2 26. Ba1 Nxe2+ 27. Rxe2 Bxd3 28. Ree1 Bg6 29. Nf3 Rxf3 30. gxf3 Ra2 31. Rc1 Rxa3 32. Rc8+ Kh7 33. Rc7 Kg8 34. Rec1 Bh5 35. h3 Bxf3 36. Kh2 e4 37. Rxg7+ Kxg7 38. Bxd4+ Kg6 39. Rc7 a5 40. bxa5 Rxa5 41. h4 g4 42. Rc5 Ra4 43. Be3 b4 44. h5+ Kf6 45. Bxh6 b3 46. Rb5 Bd1 47. Bd2 Ra8 48. h6 Kg6 49. Kg3 Rf8 50.
Rb6+ Kh7 51. Rb7+ Kg6 52. Be3 Rf3+ 53. Kg2 Rf8 54. Rb6+ Kh7 55. Rb7+ Kg6 56. Rb6+ Rf6 57. Bd4 Rxb6 58. h7 Kxh7 0-1

[Event "Late-Titled-Tuesday-Blitz-December-26-2023"]
[Site "Chess.com"]
[Date "2023.12.26"]
[Round "2"]
[White "sakkikuska"]
[Black "APOKALIPSA13"]
[Result "1-0"]
[WhiteElo "2473"]
[BlackElo "2202"]
[TimeControl "180+1"]
[EndTime "14:19:19 PST"]
[Termination "sakkikuska won on time"]

1. e4 e5 2. Nf3 d5 3. exd5 e4 4. Qe2 Nf6 5. Nc3 Be7 6. Nxe4 O-O 7. d3 Nxd5 8. c4 Bb4+ 9. Bd2 Nf4 10. Qe3 Bxd2+ 11. Qxd2 Ne6 12. Be2 Re8 13. O-O Nd4 14.
Nxd4 Qxd4 15. Bf3 Nc6 16. Rfe1 Bf5 17. Re3 Rad8 18. Rae1 Kf8 19. b4 Bxe4 20. Bxe4 Qxc4 21. dxc4 Rxd2 22. a3 Nd4 23. h3 f5 24. Bxb7 Ne2+ 25.
Kh2 Rxe3 26. fxe3 g6 27. Rf1 Ke7 28. Rf2 Rc2 29. e4 Nd4 30. Rxc2 Nxc2 31. exf5 gxf5 32. Kg3 Nxa3 33. Bd5 Kd6 34. Kf4 c6 35. Bg8 Nc2 36.
Bxh7 Nxb4 37. Bxf5 Kc5 38. Be6 Nd3+ 39. Ke3 Ne1 40.
g4 Ng2+ 41. Kf3 Nh4+ 42. Kf4 Ng6+ 43. Ke4 Nf8 44. Bf7 Nd7 45. g5 a5 46. g6 Nf6+ 47. Kd3 Nh5 48. Kc3 a4 49. Be6 Ng7 50. Bg4 Kd6 51.
h4 c5 52. h5 Ke5 53. h6 Kf6 54. h7 Kxg6 55. h8=Q Nf5 56. Qg8+ Ng7 57. Qd5 a3 58. Qxc5 a2 59. Qb6+ Kg5 60. Qa5+ Kxg4 61. Qxa2 Nf5 62. Qg2+ Kf4 63. Qf2+ Ke5 64. Kb4 Nd4 65. Kc5 Ne6+ 66.
Kb6 Ng5 67. Qe3+ Ne4 68. Qxe4+ Kxe4 69. c5 Kd5 70. c6 Kd6 71. c7 Kd7 72. Kb7 Ke8 73.
c8=Q+ 1-0

[Event "Late-Titled-Tuesday-Blitz-December-26-2023"]
[Site "Chess.com"]
[Date "2023.12.26"]
[Round "2"]
[White "Vladimir_Zakhartsov"]
[Black "robertoalejandro10"]
[Result "1-0"]
[WhiteElo "2876"]
[BlackElo "2552"]
[TimeControl "180+1"]
[EndTime "14:19:21 PST"]
[Termination "Vladimir_Zakhartsov won by resignation"]

1. e4 c5 2. Nf3 g6 3. d4 cxd4 4. Qxd4 Nf6 5. Bb5 a6 6. e5 axb5 7. exf6 Nc6 8. fxe7 Qxe7+ 9. Qe3 Qxe3+ 10. Bxe3 b4 11.
Nbd2 Bg7 12. Nc4 d5 13. Nd6+ Kd7 14. Nxc8 Rhxc8 15. Bc1 Nd4 16. Nxd4 Bxd4 17. Kd1 f5 18. f3 Rc6 19. Re1 Rca6 20. a3 Bc5 21. Rb1 Rc6 22.
axb4 Bxb4 23. Re2 Bd6 24. h3 Bg3 25. Be3 Re8 26. Bd2 Rxe2 27. Kxe2 Rxc2 28. Kd3 Rc6 29. Ra1 Be5 30. Ra2 Rb6 31. Kc2 Kc6 32. b3 Kd7 33. Ra8 Rc6+ 34. Kd3 Rb6 35. Kc2 Ra6 36. Rf8 Ke7 37. Rg8 Ra2+ 38. Kd3 Rb2 39. b4 Rb3+ 40. Kc2 Rb2+ 41. Kd3 Rb1 42. f4 Bd6 43. Rg7+ Ke6 44. Rxh7 Rg1 45. Rxb7 Rxg2 46. b5 Rg3+ 47. Kd4 Rxh3 48. Rb6 Rb3 49. Rb7 Be7 50. b6 Rb2 51. Kd3 Rb5 52. Be3 Bd6 53. Rg7 Rb3+ 54. Ke2 Rb2+ 55. Kf3 Rb3 56. Rxg6+ Kd7 57. Ke2 Rb2+ 58.
Kd3 Rb3+ 59. Kd4 Rb4+ 60. Kxd5 Rb5+ 61. Kc4 Rb4+ 62. Kc3 Re4 63. Kd3 Kc6 64. Bd4 Re1 65. Be5 Rd1+ 66. Ke2 Rd5 67. b7 Kxb7 68. Rxd6 Ra5 69.
Rf6 Kc8 70. Rxf5 Kd7 71. Rf6 Ke7 72. Kf3 Ra3+ 73. Kg4 Ra1 74. Kf5 Rf1 75. Ra6 Kf7 76. Ra7+ Ke8 77. Ke6 Ra1 78. Rxa1 1-0

[Event "Late-Titled-Tuesday-Blitz-December-26-2023"]
[Site "Chess.com"]
[Date "2023.12.26"]
[Round "2"]
[White "Misticpikachu"]
[Black "GoltsevDmitry2000"]
[Result "1-0"]
[WhiteElo "2474"]
[BlackElo "2677"]
[TimeControl "180+1"]
[EndTime "14:19:24 PST"]
[Termination "Misticpikachu won by checkmate"]

1. c4 e5 2. Nc3 Nc6 3. Nf3 Nf6 4. e4 a5 5. d4 exd4 6. Nxd4 Bc5 7. Be3 Nxd4 8. Bxd4 Qe7 9. Be2 Bxd4 10. Qxd4 d6 11.
O-O O-O 12. Rac1 Re8 13. Bf3 Be6 14. Nd5 Bxd5 15. cxd5 Rac8 16. Rc4 b5 17. Rc2 Nxe4 18. Re1 f5 19. Rce2 Qe5 20. Qd3 Qf4 21. Bxe4 fxe4 22.
Rxe4 Rxe4 23. Qxe4 Qxe4 24. Rxe4 Kf7 25. f4 c5 26. Re6 Rd8 27. Kf2 c4 28. Ke3 b4 29.
g4 a4 30. Kd2 b3 31. a3 Rc8 32. Kc3 Rd8 33. Kxc4 Rc8+ 34. Kb4 Rc2 35. Kxa4 Rxb2 36. Rxd6 Rxh2 37. Rb6 Rf2 38. Rxb3 Rxf4+ 39. Rb4 Rf3 40.
Rd4 Ke7 41. d6+ Kd7 42. Kb4 Rf1 43. a4 Rb1+ 44. Kc5 g6 45. a5 h5 46. gxh5 gxh5 47. a6 Rc1+ 48. Kb6 Rb1+ 49. Ka7 Rb5 50. Ka8 Rb6 51.
a7 Rb1 52. Rh4 Rb5 53. Rd4 Rb1 54.
Rd5 h4 55. Rh5 Rb4 56. Rh6 Rc4 57. Kb7 Rb4+ 58. Ka6 Ra4+ 59. Kb6 Rb4+ 60. Ka5 Rb1 61. Rxh4 Ra1+ 62. Kb6 Rb1+ 63. Ka6 Ra1+ 64. Kb6 Rb1+ 65. Ka5 Ra1+ 66. Ra4 Rf1 67. a8=Q Ke6 68. Qe4+ Kxd6 69. Rd4+ Kc7 70. Qe7+ Kc6 71. Rd6+ Kc5 72. Qe5+ Kc4 73. Qb5+ Kc3 74. Rd3+ Kc2 75. Qb3+ Kc1 76. Rc3+ Kd2 77. Rc2+ Ke1 78. Qb1# 1-0

[Event "Late-Titled-Tuesday-Blitz-December-26-2023"]
[Site "Chess.com"]
[Date "2023.12.26"]
[Round "2"]
[White "BestestBP"]
[Black "wild3000"]
[Result "0-1"]
[WhiteElo "2195"]
[BlackElo "2472"]
[TimeControl "180+1"]
[EndTime "14:19:27 PST"]
[Termination "wild3000 won by checkmate"]

1. c4 e5 2. Nc3 Nf6 3. Nf3 Nc6 4. e4 d6 5. d4 exd4 6. Nxd4 g6 7. Bg5 Bg7 8. Be2 O-O 9. Nxc6 bxc6 10. O-O Qe8 11. Bf3 Nd7 12. Re1 Rb8 13. Qc2 Qe5 14. Bd2 Nc5 15.
Rab1 f5 16. b4 Ne6 17. exf5 Qxf5 18. Qxf5 gxf5 19. Bxc6 Nd4 20. Bd5+ Kh8 21. Re7 c6 22. Bf3 Nxf3+ 23. gxf3 Rb7 24. Rxb7 Bxb7 25. Ne2 d5 26. c5 Ba6 27. Ng3 Bc4 28. a4 Be5 29. f4 Bd4 30.
Rf1 Bxf1 31. Kxf1 Kg7 32. Be3 Bc3 33. b5 Kf6 34. b6 d4 35. Bc1 axb6 36. cxb6 Rb8 37. Nh5+ Ke6 38. Ng7+ Kf6 39. Nh5+ Kg6 40. Ng3 Rxb6 41. Ke2 Ra6 42. Kd3 Rxa4 43. h4 c5 44. h5+ Kf6 45. f3 c4+ 46. Kc2 Ra2+ 47. Kb1 Rg2 48.
Nf1 Rg1 49. Kc2 Rxf1 50. h6 Rxc1+ 51. Kxc1 Kg6 52. Kc2 Kxh6 53. Kc1 Kh5 54. Kc2 Kh4 55.
Kc1 Kg3 56. Kc2 Kxf3 57. Kc1 Kxf4 58. Kc2 Ke3 59. Kd1 d3 60. Kc1 f4 61. Kd1 Bb4 62. Kc1 c3 63. Kb1 f3 64. Ka2 h5 65.
Kb3 h4 66. Kxb4 c2 67. Kb3 Kd2 68. Kc4 c1=Q+ 69. Kd4 f2 70. Ke4 f1=Q 71. Kd4 h3 72. Ke5 Qce1+ 73. Kd4 Kc2 74. Kc4 d2+ 75. Kb4 d1=Q+ 76.
Ka3 h2 77. Ka2 h1=Q 78. Ka3 Qb1 79. Ka4 Qc4+ 80. Ka3 Qa5# 0-1

[Event "Late-Titled-Tuesday-Blitz-December-26-2023"]
[Site "Chess.com"]
[Date "2023.12.26"]
[Round "2"]
[White "IlanSchnaider"]
[Black "NovakRatko"]
[Result "1-0"]
[WhiteElo "2693"]
[BlackElo "2436"]
[TimeControl "180+1"]
[EndTime "14:19:28 PST"]
[Termination "IlanSchnaider won on time"]

1. e4 d5 2. exd5 c6 3. d4 cxd5 4. Bd3 Nc6 5. c3 e5 6. dxe5 Nxe5 7. Bb5+ Nc6 8. Nf3 Bc5 9. O-O Ne7 10. Re1 O-O 11. Be3 Bxe3 12. Rxe3 Bg4 13. Nbd2 Qb6 14. Qa4 Bh5 15. Bxc6 Nxc6 16. Nb3 Bg6 17. Rae1 Bc2 18. Qa3 Bxb3 19. axb3 h6 20. Rd3 Rad8 21. Red1 Qb5 22. h3 a5 23. Qa4 Qc5 24. Nd4 Ne5 25. Rg3 Ng6 26. Nf5 Rfe8 27. h4 Re2 28. Rf1 d4 29.
Nxd4 Rxb2 30. Re1 b5 31. Qxa5 Rf8 32. Qa1 Rd2 33. Qc1 Ra2 34. Qb1 Rd2 35. Qe4 b4 36. h5 bxc3 37. hxg6 Qxd4 38. gxf7+ Kh8 39. Qxd4 Rxd4 40.
Re8 Rd8 41. Rxd8 Rxd8 42. Rxc3 g5 43. Rc7 Kg7 44. Rb7 h5 45. f3 Rd2 46. Kh2 h4 47. b4 Rb2 48. b5 Rd2 49. b6 Rb2 50. Kh3 Rb4 51. g3 hxg3 52. Kxg3 Rb3 53. Kg4 Rb5 54. Kh5 Rb3 55. Kxg5 Re3 56. f4 Rg3+ 57. Kf5 Rb3 58. Rb8 Kxf7 59. b7 Kg7 60. Kg5 Rb1 61. Kg4 Rg1+ 62. Kf5 Rb1 63. Ke6 Rb6+ 64. Kd5 Rb4 65. f5 Rb5+ 66. Kc6 Rxf5 67. Rd8 Rf6+ 68. Kb5 Rf5+ 69. Kb6 Rf6+ 70. Ka7 Rf7 71. Ka8 Rxb7 72. Kxb7 1-0

[Event "Late-Titled-Tuesday-Blitz-December-26-2023"]
[Site "Chess.com"]
[Date "2023.12.26"]
[Round "2"]
[White "dosto07"]
[Black "sofaceindisguise"]
[Result "1/2-1/2"]
[WhiteElo "2524"]
[BlackElo "2718"]
[TimeControl "180+1"]
[EndTime "14:19:41 PST"]
[Termination "Game drawn - insufficient material"]

1. e4 c5 2. Nf3 e6 3. c3 Nf6 4. e5 Nd5 5. Bc4 Nb6 6. Bb3 c4 7. Bc2 d5 8. exd6 Nc6 9. d4 cxd3 10. Qxd3 Qxd6 11. Qe4 Nd5 12. O-O Be7 13. Rd1 Qc7 14.
Bg5 Nf6 15. Qe2 h6 16. Bh4 O-O 17. Nbd2 b6 18. Bg3 Bd6 19. Ne4 Bxg3 20. Nxf6+ gxf6 21. hxg3 Bb7 22. Qd2 Kg7 23. Qd7 Rac8 24. Qxc7 Rxc7 25.
Be4 Rb8 26. Rd6 Na5 27. Bxb7 Nxb7 28. Rd4 Nc5 29. Rad1 b5 30. b3 a5 31. Nd2 h5 32. c4 bxc4 33. Nxc4 a4 34. bxa4 Nxa4 35. Nd6 Nc3 36. R1d2 Kg6 37. f3 Rb1+ 38. Kf2 Nd5 39. Nc4 Ra1 40. Ne3 Ne7 41. Rd7 Rxd7 42. Rxd7 Rxa2+ 43.
Kg1 Nc6 44. Rc7 Nd4 45. Rc8 Re2 46. Nc4 Nf5 47. Kh2 Kg7 48. Rc7 Rc2 49. Nd6 Rxc7 50. Ne8+ Kg6 51. Nxc7 Nd4 52. Ne8 f5 53. Nd6 e5 54. Kg1 Kf6 55. Kf2 Ke6 56. Nc4 f6 57.
Ne3 Nc6 58. g4 f4 59. Nf5 hxg4 60. fxg4 e4 61. Ng7+ Ke5 62. Nf5 e3+ 63. Kf1 Nd4 64. Ne7 Ke6 65. Ng6 f5 66. Nxf4+ Ke5 67. Ne2 fxg4 68.
Ng3 Kf4 69. Nh5+ Ke4 70. Nf6+ Kd3 71. Nxg4 e2+ 72. Kf2 Kd2 73. Kg3 e1=Q+ 74. Kf4 Qe4+ 75. Kxe4 Ne2 76. Ne5 Nc3+ 77. Kf5 Nd5 78. g3 Ne3+ 79.
Kf4 Ng2+ 80. Kf3 Ne1+ 81. Kf4 Ng2+ 82. Ke4 Ke2 83. Nf3 Kf2 84. Nh4 Kxg3 1/2-1/2

[Event "Late-Titled-Tuesday-Blitz-December-26-2023"]
[Site "Chess.com"]
[Date "2023.12.26"]
[Round "2"]
[White "Nick12772"]
[Black "Mikayel99"]
[Result "0-1"]
[WhiteElo "2315"]
[BlackElo "2580"]
[TimeControl "180+1"]
[EndTime "14:19:55 PST"]
[Termination "Mikayel99 won by checkmate"]

1. Nf3 Nf6 2. g3 g6 3. Bg2 Bg7 4. O-O O-O 5. c4 c6 6. Nc3 d5 7. cxd5 Nxd5 8. d4 Nxc3 9. bxc3 Nd7 10. a4 a5 11. Ba3 Nb6 12. Nd2 Be6 13. Rb1 Re8 14. Bc5 Ra6 15. Qc2 Nd7 16. Rxb7 Nxc5 17. dxc5 Bd5 18. Bh3 f5 19. Rfb1 Ra8 20. Nb3 e5 21. Nd2 e4 22. e3 Qf6 23. Bf1 Qxc3 24. Qxc3 Bxc3 25. Nc4 Bb4 26. Nd6 Reb8 27. Rxb8+ Rxb8 28. Bc4 Bxc4 29. Nxc4 Rc8 30. Ne5 Kg7 31. Rd1 Kf6 32.
Nd7+ Ke7 33. Nb6 Rc7 34. Rc1 Rb7 35. Nc4 Ra7 36. Ne5 Ra6 37. h4 Ke6 38. Nc4 Bxc5 39. Kg2 Bb4 40. Rd1 Ra7 41. Rd8 Rb7 42. h5 gxh5 43.
Ra8 Kd5 44. Nxa5 Bxa5 45. Rxa5+ c5 46. Kf1 Rb2 47. Ra8 c4 48. a5 c3 49. Rc8 c2 50. Kg2 Ra2 51. a6 Ke5 52. a7 Rxa7 53. Rxc2 Kf6 54. Rc6+ Kg5 55. Rd6 Rc7 56. Re6 Rg7 57. Rd6 h4 58. gxh4+ Kxh4+ 59. Kh2 Kg5 60. Kg3 f4+ 61. exf4+ Kf5+ 62. Kh2 Kxf4 63. Re6 h5 64. Rh6 Kg5 65. Re6 Kf5 66. Rh6 Kg4 67. Re6 Kf3 68. Rf6+ Ke2 69. Kh3 Rg1 70. Kh4 Rh1+ 71. Kg5 h4 72.
Kg4 h3 73. Kg3 Kd3 74. Rd6+ Kc4 75. Re6 Kd5 76. Rf6 Ke5 77. Rh6 Kd4 78. Rxh3 Rg1+ 79. Kh2 Rf1 80. Kg2 Ra1 81. Rb3 Ra2 82. Rb4+ Kd5 83.
Rb8 e3 84. Rd8+ Kc6 85. Rf8 e2 86. Re8 Kd5 87. Kf3 Ra8 88. Rxe2 Rf8+ 89. Kg2 Rg8+ 90.
Kf1 Kd6 91. Re3 Kd5 92. Ke2 Rf8 93. Rf3 Re8+ 94. Re3 Rh8 95. Rf3 Ke5 96. Re3+ Kf4 97. Rf3+ Ke4 98. Ra3 Rb8 99. Ra4+ Kf5 100. Kf3 Rb5 101. Rb4 Rxb4 102. Kg2 Kf4 103. Kh3 Kf3 104. Kh2 Rh4+ 105. Kg1 Rh3 106. Kf1 Rh1# 0-1

[Event "Late-Titled-Tuesday-Blitz-December-26-2023"]
[Site "Chess.com"]
[Date "2023.12.26"]
[Round "2"]
[White "Tunahan_Makaraci"]
[Black "greekplayer1"]
[Result "0-1"]
[WhiteElo "2512"]
[BlackElo "2720"]
[TimeControl "180+1"]
[EndTime "14:20:51 PST"]
[Termination "greekplayer1 won on time"]

1. e4 c5 2. c3 Nf6 3. e5 Nd5 4. Nf3 Nc6 5. Bc4 e6 6. d4 cxd4 7. cxd4 d6 8. O-O Be7 9. Qe2 O-O 10. Re1 Na5 11. Bd3 Nb4 12. Be4 d5 13. Bd3 Nxd3 14.
Qxd3 Bd7 15. Nc3 Rc8 16. g3 Nc4 17. h4 h6 18. a4 Na5 19. Bf4 a6 20. Kg2 Nc4 21.
Bc1 f6 22. b3 fxe5 23. bxc4 e4 24. Nxe4 dxe4 25. Qxe4 Rxc4 26. Ne5 Bc6 27. Nxc6 Rxc6 28. d5 Rd6 29. dxe6 Qe8 30. Qxb7 Rd3 31. Re3 Rd1 32. Bb2 Rd2 33. Rf1 a5 34. Ba3 Bxa3 35.
Rxa3 Qxe6 36. Kg1 Kh8 37. Re3 Qf6 38. Qe7 Qf5 39. Qe4 Qf7 40. Qg2 Qc4 41. Rfe1 Qxa4 42. Re4 Qd7 43. R4e2 Rxe2 44. Rxe2 Qd1+ 45. Qf1 Qd4 46. Qe1 a4 47. Re8 Rxe8 48. Qxe8+ Kh7 49. Qb5 a3 50. Qb1+ Kg8 51. Kg2 Qd5+ 52. Kh2 a2 53. Qb8+ Kf7 54. Qb2 Qa5 55. Qb3+ Ke7 56. Qe3+ Kd6 57.
Qd4+ Kc6 58. Qc4+ Kb6 59. Qd4+ Kb7 60. Qe4+ Kc7 61. Qf4+ Kc6 62. Qe4+ Qd5 63. Qe8+ Kc5 64. Qe3+ Kb4 65. Qb6+ Ka3 66. Qa6+ Kb2 67. Qe2+ Kb1 68. Qe1+ Kc2 69. Qe2+ Qd2 70. Qc4+ Kd1 71. Qf1+ Kc2 72. Qc4+ Kb2 73. Qb5+ Kc1 74. Qc4+ Kb1 75. Qb3+ Ka1 76. Qb5 Qxf2+ 77. Kh3 Qc2 78. Qf1+ Kb2 79. Qb5+ Kc3 80. Qe5+ Kd3 81. Qf5+ Kd2 82. Qf2+ Kc3 83. Qc5+ Kb3 84. Qb5+ Ka3 85. Qa5+ Kb2 86. Qb4+ Qb3 87. Qd2+ Kb1 88. Qe1+ Kc2 89. Qe2+ Kc3 90. Qe3+ Kb4 91. Qd4+ Qc4 92. Qb2+ Kc5 93. Qe5+ Qd5 94. Qc3+ Kd6 95. Qb4+ Ke5 96. Qc3+ Kf5 97. Qc2+ Kf6 98. Qc3+ Kf7 99. Qb2 Qe6+ 100.
Kh2 g5 101. hxg5 hxg5 102. Qf2+ Kg7 103. Qb2+ Kg6 104. Qc2+ Kh6 105. Qb2 Qa6 106. Qh8+ Kg6 107. Qg8+ Kf5 108. Qf7+ Ke4 109. Qe7+ Kd4 110. Qb4+ Qc4 111. Qd2+ Ke4 112. Qe1+ Kf3 113. Qd1+ Qe2+ 0-1

[Event "Late-Titled-Tuesday-Blitz-December-26-2023"]
[Site "Chess.com"]
[Date "2023.12.26"]
[Round "3"]
[White "Crasyhealer"]
[Black "AlexPapasimakopoulos"]
[Result "0-1"]
[WhiteElo "2455"]
[BlackElo "2643"]
[TimeControl "180+1"]
[EndTime "14:22:31 PST"]
[Termination "AlexPapasimakopoulos won by resignation"]

1. c4 e6 2. g3 d5 3. Bg2 Nf6 4. d4 Be7 5. Nc3 O-O 6. Nf3 c6 7. O-O Nbd7 8. Qc2 b6 9. e4 dxe4 10. Qxe4 Nxe4 0-1

[Event "Late-Titled-Tuesday-Blitz-December-26-2023"]
[Site "Chess.com"]
[Date "2023.12.26"]
[Round "3"]
[White "Fradi82"]
[Black "axlbvRR"]
[Result "1-0"]
[WhiteElo "2311"]
[BlackElo "1947"]
[TimeControl "180+1"]
[EndTime "14:22:50 PST"]
[Termination "Fradi82 won by resignation"]

1. e4 e6 2. d4 d5 3. Nc3 Nf6 4. Bg5 Be7 5. e5 Nfd7 6. h4 c5 7. Bxe7 Qxe7 8. Nb5 Na6 9. Nd6+ Kf8 10. c3 f6 11. f4 b6 12. Nxc8 1-0

[Event "Late-Titled-Tuesday-Blitz-December-26-2023"]
[Site "Chess.com"]
[Date "2023.12.26"]
[Round "3"]
[White "German_Bazeev"]
[Black "nindjaxx8"]
[Result "1/2-1/2"]
[WhiteElo "2848"]
[BlackElo "2564"]
[TimeControl "180+1"]
[EndTime "14:23:30 PST"]
[Termination "Game drawn by agreement"]

1. c4 e6 2. d4 d5 3. Nc3 Nf6 4. Nf3 Be7 5. Bf4 O-O 6. e3 b6 7.
cxd5 exd5 8. Be2 Bb7 9. O-O Nbd7 10. Rc1 c5 11. Nb5 a5 12. Bc7 Qc8 13. Bd6 Qd8 14.
Bc7 Qc8 15. Bg3 1/2-1/2

[Event "Late-Titled-Tuesday-Blitz-December-26-2023"]
[Site "Chess.com"]
[Date "2023.12.26"]
[Round "3"]
[White "ozates"]
[Black "adricalderon8"]
[Result "1-0"]
[WhiteElo "2608"]
[BlackElo "2426"]
[TimeControl "180+1"]
[EndTime "14:23:52 PST"]
[Termination "ozates won by resignation"]

1. e4 d6 2. d4 Nf6 3. Nc3 e5 4. dxe5 dxe5 5. Qxd8+ Kxd8 6. Bc4 Be6 7. Bxe6 fxe6 8. f3 Nbd7 9. Nb1 Bc5 10. Bg5 Ke7 11. c3 h6 12. Bh4 g5 13. Bf2 Bxf2+ 14. Kxf2 Nc5 15. b4 Nd3+ 16. Ke3 Nb2 17. Na3 Rad8 18. Ne2 Rd3+ 19. Kf2 Nd1+ 20. Rhxd1 Rhd8 21. Ke1 g4 22. Rxd3 Rxd3 23. Rd1 Rxd1+ 24. Kxd1 1-0

[Event "Late-Titled-Tuesday-Blitz-December-26-2023"]
[Site "Chess.com"]
[Date "2023.12.26"]
[Round "3"]
[White "OneTrickPony_82"]
[Black "ChristopherYoo"]
[Result "0-1"]
[WhiteElo "2495"]
[BlackElo "2974"]
[TimeControl "180+1"]
[EndTime "14:24:24 PST"]
[Termination "ChristopherYoo won by resignation"]

1. d4 Nf6 2. c4 e6 3. Nf3 d5 4.
Nc3 c6 5. g3 Nbd7 6. Bg2 dxc4 7.
O-O Be7 8. e4 O-O 9. a4 e5 10.
dxe5 Ng4 11. e6 fxe6 12. Nd4 Nde5 13. h3 Nxf2 14. Rxf2 Rxf2 15. Kxf2 Nd3+ 16. Ke3 Bg5+ 17. Ke2 Qxd4 0-1

[Event "Late-Titled-Tuesday-Blitz-December-26-2023"]
[Site "Chess.com"]
[Date "2023.12.26"]
[Round "3"]
[White "FrenchHarvey"]
[Black "ChessLebaneseSalah"]
[Result "1-0"]
[WhiteElo "2626"]
[BlackElo "2443"]
[TimeControl "180+1"]
[EndTime "14:24:44 PST"]
[Termination "FrenchHarvey won by resignation"]

1. e4 c5 2. Nc3 Nc6 3. Bb5 Nd4 4. Nf3 Nxb5 5. Nxb5 a6 6. Nc3 e6 7. d4 cxd4 8. Qxd4 Qc7 9. O-O d6 10. Bg5 h6 11. Bh4 Ne7 12. Bxe7 Qxe7 13. Rad1 Bd7 14. Rfe1 Bc6 15. Nd5 Bxd5 16. exd5 e5 17. Nxe5 dxe5 18. Rxe5 O-O-O 19. Rxe7 Bxe7 20. Qxg7 Bd6 21. Qxf7 h5 22.
c4 h4 23. c5 Bb8 24. Qe6+ 1-0

[Event "Late-Titled-Tuesday-Blitz-December-26-2023"]
[Site "Chess.com"]
[Date "2023.12.26"]
[Round "3"]
[White "maracayo"]
[Black "AungTZ"]
[Result "1-0"]
[WhiteElo "2385"]
[BlackElo "2089"]
[TimeControl "180+1"]
[EndTime "14:24:45 PST"]
[Termination "maracayo won by resignation"]

1. e4 c5 2. Nc3 a6 3. g3 b5 4. Bg2 Bb7 5. Nge2 Nf6 6. a4 b4 7. Nd5 Bxd5 8. exd5 d6 9. d4 Nbd7 10. dxc5 Nxc5 11. Nd4 g6 12. Nc6 Qb6 13. O-O Bg7 14.
Re1 O-O 15. a5 Qb5 16. Bf1 Qb7 17. Rxe7 Qc8 18. Nxb4 Re8 19. Nc6 Qf5 20. Bg2 Qe4 1-0

[Event "Late-Titled-Tuesday-Blitz-December-26-2023"]
[Site "Chess.com"]
[Date "2023.12.26"]
[Round "3"]
[White "liczner"]
[Black "Romadk"]
[Result "1-0"]
[WhiteElo "2944"]
[BlackElo "2495"]
[TimeControl "180+1"]
[EndTime "14:24:50 PST"]
[Termination "liczner won by resignation"]

1. e4 Nf6 2. e5 Nd5 3. d4 d6 4. Nf3 g6 5. Bc4 Nb6 6. Bb3 Bg7 7. Qe2 O-O 8. h3 dxe5 9. dxe5 Nc6 10. O-O Nd4 11. Nxd4 Qxd4 12. Re1 Be6 13. Nd2 Bd5 14. Nf3 Bxf3 15. Qxf3 Bxe5 16. Bh6 Bg7 17. Bxg7 Kxg7 18. Rxe7 Qxb2 19. Rxf7+ Rxf7 20. Qxf7+ Kh8 21. Re1 Qg7 22. Re8+ 1-0

[Event "Late-Titled-Tuesday-Blitz-December-26-2023"]
[Site "Chess.com"]
[Date "2023.12.26"]
[Round "3"]
[White "albi1999"]
[Black "Vladimir_Zakhartsov"]
[Result "0-1"]
[WhiteElo "2657"]
[BlackElo "2880"]
[TimeControl "180+1"]
[EndTime "14:24:53 PST"]
[Termination "Vladimir_Zakhartsov won by resignation"]

1. d4 Nf6 2. c4 g6 3. Nc3 d5 4. Bg5 Ne4 5. Bh4 Nxc3 6. bxc3 Bg7 7. e3 c5 8. Nf3 Nc6 9. Rc1 O-O 10. Be2 Be6 11. cxd5 Bxd5 12. Qa4 Re8 13. O-O a6 14.
Qa3 c4 15. Nd2 b5 16. e4 b4 17. cxb4 Nxd4 18. Bxc4 Bxc4 19. Nxc4 Ne2+ 20. Kh1 Nxc1 21. Rxc1 Qd4 22. f3 Rec8 23. Qb3 Rc6 0-1

[Event "Late-Titled-Tuesday-Blitz-December-26-2023"]
[Site "Chess.com"]
[Date "2023.12.26"]
[Round "3"]
[White "VitorBronson"]
[Black "monalize"]
[Result "1-0"]
[WhiteElo "2544"]
[BlackElo "2453"]
[TimeControl "180+1"]
[EndTime "14:24:54 PST"]
[Termination "VitorBronson won by resignation"]

1. c4 c5 2. g3 Nc6 3. Bg2 Nf6 4.
Nc3 e6 5. Nf3 Be7 6. O-O O-O 7. d4 cxd4 8. Nxd4 a6 9. b3 Qc7 10.
Bb2 d6 11. Rc1 Ne5 12. f4 Ned7 13. e4 Re8 14. g4 Nc5 15. g5 Nfd7 16. b4 Qb6 17.
Ba3 Nxe4 18. Bxe4 e5 19. Nd5 Qa7 20. Nc7 exd4 21. Nxe8 Nf8 22. Nc7 Rb8 23. Nd5 Bd8 24. Bb2 Ne6 25. h4 b5 26. f5 bxc4 27. fxe6 fxe6 28.
Bxd4 Qd7 29. Qh5 g6 30. Bxg6 1-0